 Dungeon Crawl Stone Soup version 0.17-a0-1625-g47e540b (webtiles) character file.

72410 urechis the Bludgeoner (level 15, 167/167 HPs)
             Began as an Ogre Fighter on Aug 2, 2015.
             Was a Priest of Ru.
             Starved to death
             ... on level 2 of the Lair of Beasts.
             The game lasted 01:03:46 (19879 turns).

urechis the Bludgeoner (Ogre Fighter)              Turns: 19879, Time: 01:03:47

Health: 167/167    AC: 12    Str: 27    XL:     15   Next: 39%
Magic:  20/20      EV: 15    Int: -7 (7) God:    Ru [***...]
Gold:   943        SH: 12    Dex:  9    Spells: 0 memorised, 14 levels left

rFire  . . .     SeeInvis .     q - +6 morningstar "Powioll" {vamp, rElec MR+ Str-3 Stlth+}
rCold  . . .     Clarity  +     N - +4 moon troll leather armour {Spirit, Regen++ MP+5}
rNeg   + . .     SustAt   .     c - +0 shield
rPois  .         Gourm    .     (helmet restricted)
rElec  +         Spirit   +     i - +0 cloak
rCorr  .         Warding  .     (gloves unavailable)
rMut   .         Stasis   .     (boots unavailable)
MR     +++++                    X - amulet of the Four Winds {Clar rN+ MR+++}
Stlth  ..........               P - +3 ring of evasion
                                E - +2 ring of evasion

@: starving, slowed, lost intelligence, very slow, almost entirely resistant to
hostile enchantments, extremely unstealthy
A: unfitting armour, tough skin 1, no stealth, hated by all, no conjurations
magic, no hexes magic, no poison magic
a: Draw Out Power, Renounce Religion


You were on level 2 of the Lair of Beasts.
You worshipped Ru.
Ru was most pleased with you.
You were starving.

You visited 3 branches of the dungeon, and saw 21 of its levels.
You also visited: Ice Cave.

You collected 1573 gold pieces.
You spent 630 gold pieces at shops.

Inventory:

Hand weapons
 q - the +6 morningstar "Powioll" (weapon) {vamp, rElec MR+ Str-3 Stlth+}
   (You found it on level 4 of the Dungeon)

   It inflicts no extra harm, but heals its wielder somewhat when it strikes a
   living foe.
   It affects your strength (-3).
   It insulates you from electricity.
   It affects your resistance to hostile enchantments.
   It makes you more stealthy.
 I - a +9 giant spiked club of protection
Missiles
 a - 4 exploding tomahawks
 b - 4 silver tomahawks
 j - 15 tomahawks (quivered)
 y - 8 javelins
 H - 9 large rocks
 W - a throwing net
Armour
 c - a +0 shield (worn)
 i - a +0 cloak (worn)
 N - the +4 moon troll leather armour (worn) {Spirit, Regen++ MP+5}
   (You bought it in a shop on level 9 of the Dungeon)

   It affects your magic capacity (+5).
   It increases your rate of regeneration.
Jewellery
 E - a +2 ring of evasion (left hand)
 P - a +3 ring of evasion (right hand)
 X - the amulet of the Four Winds (around neck) {Clar rN+ MR+++}
   (You found it on level 11 of the Dungeon)

   [amulet of clarity]

   It provides mental clarity.
   It protects you from negative energy.
   It affects your resistance to hostile enchantments.
Magical devices
 u - a wand of hasting (8)
 F - a wand of digging (8)
Scrolls
 f - 3 scrolls of recharging
 g - 4 scrolls of teleportation
 l - 11 scrolls of remove curse
 n - 5 scrolls of magic mapping
 o - 2 scrolls of enchant weapon
 p - a scroll of amnesia
 r - 5 scrolls of enchant armour
 s - 2 scrolls of fog
 A - 2 scrolls of immolation
 G - 3 scrolls of silence
 J - 2 scrolls of fear
 M - a scroll of blinking
Potions
 e - 2 potions of might
 k - a potion of lignification
 m - 2 potions of heal wounds
 t - 2 potions of flight
 v - a potion of haste
 z - 2 potions of agility
 C - 11 potions of curing
 D - 3 potions of cancellation
 V - 3 potions of magic
Comestibles
 d - 15 bread rations
 w - 7 meat rations
 B - 5 slices of pizza
 R - 9 royal jellies
 S - 10 fruits


   Skills:
 + Level 15.2 Fighting
 + Level 18.4 Maces & Flails
 + Level 12.9 Throwing
 + Level 8.9 Armour
 - Level 2.6 Dodging
 + Level 10.3 Shields


You had 14 spell levels left.
You didn't know any spells.

Dungeon Overview and Level Annotations

Branches:
Dungeon (12/15)            Temple (1/1) D:6            Lair (8/8) D:9
  Swamp (0/4) Lair:4       Spider (0/4) Lair:3        Slime (0/6) Lair:8
    Orc (0/4) D:12

Altars:
Ashenzari
Cheibriados
Dithmenos
Elyvilon
Fedhas
Gozag
Kikubaaqudgha
Makhleb
Nemelex Xobeh
Okawaru
Qazlal
Ru
Sif Muna
Trog
Vehumet
Xom
Yredelemnul
Zin
The Shining One
Jiyva

Shops:
D:8 (   D:9 *

Annotations:
D:8 exclusion: ice statue
Lair:8 1 runed door


Innate Abilities, Weirdness & Mutations

You are too large for most types of armour.
You have tough skin (AC +1).
You cannot be stealthy.
You are hated by all.
You cannot study or cast Conjurations magic.
You cannot study or cast Hexes magic.
You cannot study or cast Poison magic.


Message History

The river rat bites you but does no damage.
The river rat is stunned by your will and fails to attack.
The river rat bites you but does no damage.
The river rat bites you.
The river rat bites you but does no damage.
The river rat bites you but does no damage.
The river rat bites you.
You can move again.
Unknown command.
You puncture the river rat!
You kill the river rat!
You block the river rat's attack.
You puncture the river rat!
You kill the river rat!
No target in view!
Search for what [Enter for "brill", or ? for help]?
HP restored.
Magic restored.
You have starved to death.
You die...

##÷...........##...# ###
##††###†..[..:......# #.#####
#.††.##P###.....#...# ##..##P###
...###### ##....#...####......#..
.....##### #.....................
.........###.......#.........P...
#....#....##.P..............##...
..###....##P..#...........P..#...
#..#.....###..##@..#...#..#......
#........####.#....#...#P.#......
#.......#.#.....P..######.P...#..
#.....P........#..##### #...#....
#.......#####...#..#..###.......:
#.#.<..P# ##..#.......#........
.......P# #..###..............
........# ##...#.......P##.....
......### ##....###.....###....#


There were no monsters in sight!

Vanquished Creatures
  Rupert (Lair:4)
  Gastronok (Lair:2)
  Maud (D:10)
  A very ugly thing (D:10)
  The ghost of karlkraus the Peltast, a powerful MiFi of Cheibriados (Lair:5)
  Snorg (Lair:3)
  Fannar (D:10)
  Harold (D:10)
  4 hydras
  A centaur warrior (D:12)
  The ghost of spinkules the Severer, an experienced HOBe of Trog (D:10)
  6 death yaks (Lair:7)
  An oklob plant (Lair:3)
  The ghost of asdu the Basher, an experienced NaBe of Trog (D:8)
  An ice statue (IceCv)
  4 hill giants
  2 lindwurms
  A necromancer (IceCv)
  6 ugly things (D:10)
  A griffon (Lair:8)
  2 wizards (D:10)
  7 black mambas
  12 elephants
  A gargoyle (D:10)
  19 spiny frogs
  6 torpor snails
  3 fire drakes
  5 komodo dragons
  10 freezing wraiths (IceCv)
  A kobold demonologist (D:12)
  A polar bear (Lair:5)
  3 trolls
  A two-headed ogre (D:8)
  2 giant leeches (Lair:8)
  Prince Ribbit (D:7)
  3 slime creatures (D:12)
  4 trapdoor spiders (Lair:3)
  17 blink frogs
  A deep elf fighter (D:9)
  2 deep elf magi (D:12)
  35 yaks
  A shadow (D:12)
  A wyvern (D:10)
  6 hippogriffs
  A basilisk (D:11)
  3 hungry ghosts
  2 vampire mosquitoes (D:12)
  9 wolves (Lair:8)
  A death yak simulacrum (IceCv)
  6 porcupines
  6 swamp worms (Lair:4)
  2 soldier ants (D:10)
  4 wasps (Lair:8)
  15 water moccasins
  3 black bears
  A phantom (D:11)
  A sky beast (D:9)
  4 orc warriors
  A spider (D:10)
  2 eyes of draining (D:12)
  16 ice beasts
  7 ogres
  9 centaurs
  14 crocodiles
  2 big kobolds
  6 brain worms
  23 giant frogs
  A wyvern skeleton (D:11)
  4 killer bees (D:11)
  2 scorpions
  10 wights
  2 vampire bats (D:8)
  3 electric eels
  4 crimson imps
  2 draconian simulacra (IceCv)
  6 jellies
  9 orc priests
  7 giant frog skeletons
  6 hounds
  12 orc wizards
  10 iguanas
  A polar bear simulacrum (IceCv)
  4 spriggan simulacra (IceCv)
  A troll simulacrum (IceCv)
  2 wolf simulacra (IceCv)
  4 centaur simulacra (IceCv)
  32 sheep
  9 worker ants
  3 hound skeletons
  A hound zombie (D:5)
  4 naga simulacra (IceCv)
  2 worker ant zombies
  56 river rats
  13 adders
  14 gnolls
  5 ogre simulacra (IceCv)
  12 white imps (IceCv)
  3 shadow imps
  2 oozes
  19 worms
  4 giant geckos
  47 orcs
  17 bats
  2 bat skeletons (D:8)
  2 bat zombies (D:8)
  4 giant cockroaches
  7 hobgoblins
  4 jackals (D:8)
  12 kobolds
  8 quokkas
  4 ball pythons
  6 giant newts
  6 goblins
  A jackal skeleton (D:5)
  A quokka zombie (D:7)
  14 rats
  2 fungi (Lair:3)
  4 plants
729 creatures vanquished.

Vanquished Creatures (others)
  An orc wizard (D:7)
  A river rat (Lair:4)
  11 fungi
  5 plants
18 creatures vanquished.

Grand Total: 747 creatures vanquished

Notes
Turn   | Place    | Note
--------------------------------------------------------------
     0 | D:1      | urechis the Ogre Fighter began the quest for the Orb.
     0 | D:1      | Reached XP level 1. HP: 24/24 MP: 1/1
   167 | D:1      | Reached XP level 2. HP: 13/32 MP: 2/2
   613 | D:2      | Reached XP level 3. HP: 30/40 MP: 3/3
  1301 | D:2      | Reached skill level 5 in Fighting
  1301 | D:2      | Reached XP level 4. HP: 47/50 MP: 4/4
  1550 | D:3      | Reached skill level 5 in Maces & Flails
  1898 | D:3      | Reached XP level 5. HP: 45/57 MP: 5/5
  2348 | D:3      | Reached skill level 6 in Maces & Flails
  2495 | D:3      | Found a stormy altar of Qazlal.
  2495 | D:3      | Found a shimmering altar of Xom.
  2497 | D:3      | Found a sacrificial altar of Ru.
  2503 | D:3      | Became a worshipper of Ru the Awakened
  2750 | D:3      | Reached XP level 6. HP: 48/67 MP: 6/6
  2922 | D:3      | Noticed an ogre
  2928 | D:3      | Killed an ogre
  2928 | D:3      | Reached skill level 7 in Maces & Flails
  3391 | D:4      | Got a bone morningstar
  3395 | D:4      | Identified the +6 morningstar "Powioll" {vamp, rElec MR+ Str-3 Stlth+} (You found it on level 4 of the Dungeon)
  3576 | D:4      | Reached XP level 7. HP: 76/76 MP: 7/7
  3737 | D:4      | Reached skill level 8 in Maces & Flails
  3854 | D:4      | Gained mutation: You cannot study or cast Poison magic. [Ru sacrifice]
  3854 | D:4      | Gained mutation: You cannot study or cast Hexes magic. [Ru sacrifice]
  3854 | D:4      | Gained mutation: You cannot study or cast Conjurations magic. [Ru sacrifice]
  3854 | D:4      | Acquired Ru's first power
  4318 | D:5      | Entered Level 5 of the Dungeon
  4336 | D:5      | Reached skill level 9 in Maces & Flails
  4598 | D:5      | Reached XP level 8. HP: 66/88 MP: 8/8
  4942 | D:6      | Found a staircase to the Ecumenical Temple.
  4957 | D:6      | Reached skill level 10 in Maces & Flails
  4965 | Temple   | Entered the Ecumenical Temple
  5178 | D:6      | Found a shattered altar of Ashenzari.
  5459 | D:6      | Reached skill level 11 in Maces & Flails
  5639 | D:7      | Noticed Prince Ribbit
  5823 | D:7      | Reached XP level 9. HP: 98/98 MP: 9/9
  5931 | D:7      | Killed Prince Ribbit
  5931 | D:7      | Reached skill level 12 in Maces & Flails
  6336 | D:8      | Noticed asdu's ghost (experienced NaBe)
  6349 | D:8      | Killed asdu's ghost
  6349 | D:8      | Reached skill level 10 in Fighting
  6349 | D:8      | Reached skill level 13 in Maces & Flails
  6562 | D:8      | Reached skill level 14 in Maces & Flails
  6582 | D:8      | Reached XP level 10. HP: 75/113 MP: 10/10
  6660 | D:8      | Found an ancient bone altar of Kikubaaqudgha.
  6888 | D:8      | Noticed an ice statue
  6972 | D:8      | Found Loahud's Antique Weapon Boutique.
  7154 | D:9      | Reached skill level 15 in Maces & Flails
  7405 | D:9      | Found Lasozeg's General Store.
  7452 | D:9      | Found a staircase to the Lair.
  7635 | D:9      | Bought the +4 moon troll leather armour {Spirit, Regen++ MP+5} for 630 gold pieces
  7698 | D:10     | Entered Level 10 of the Dungeon
  7698 | D:10     | Noticed a hill giant
  7706 | D:10     | Killed a hill giant
  7710 | D:10     | Noticed a hill giant
  7720 | D:10     | Killed a hill giant
  7735 | D:10     | Noticed a hill giant
  7744 | D:10     | Killed a hill giant
  7744 | D:10     | Reached skill level 16 in Maces & Flails
  7770 | D:10     | Reached XP level 11. HP: 124/124 MP: 11/11
  7779 | D:10     | Noticed Fannar
  7821 | D:10     | Killed Fannar
  7821 | D:10     | Reached skill level 1 in Armour
  7893 | D:10     | Noticed spinkules's ghost (experienced HOBe)
  7918 | D:10     | Killed spinkules's ghost
  7976 | D:10     | Reached skill level 5 in Shields
  8230 | D:10     | Noticed Harold
  8249 | D:10     | Killed Harold
  8281 | D:10     | Noticed Maud
  8298 | D:10     | Killed Maud
  8708 | D:10     | Noticed a white ugly thing
  8709 | D:10     | Noticed a white ugly thing
  8724 | D:10     | Killed a white ugly thing
  8813 | D:10     | Noticed a wizard
  8824 | D:10     | Killed a wizard
  8824 | D:10     | Reached XP level 12. HP: 113/133 MP: 12/12
  8886 | D:10     | Noticed a cyan ugly thing
  8891 | D:10     | Killed a white ugly thing
  8900 | D:10     | Killed a cyan ugly thing
  8901 | D:10     | Noticed a brown ugly thing
  8912 | D:10     | Noticed a white ugly thing
  8936 | D:10     | Killed a brown ugly thing
  8936 | D:10     | Reached skill level 5 in Armour
  8942 | D:10     | Noticed a white ugly thing
  8964 | D:10     | Killed a white ugly thing
  8977 | D:10     | Killed a white ugly thing
  9034 | D:10     | Noticed a wizard
  9034 | D:10     | Noticed a purple very ugly thing
  9051 | D:10     | Killed a purple very ugly thing
  9055 | D:10     | Killed a wizard
  9196 | D:10     | Reached skill level 1 in Throwing
  9418 | D:11     | Reached skill level 5 in Throwing
 10017 | D:12     | Found a staircase to the Orcish Mines.
 10453 | D:12     | Found a glowing golden altar of the Shining One.
 10588 | D:12     | Noticed a centaur warrior
 10600 | D:12     | Killed a centaur warrior
 10649 | D:12     | Reached XP level 13. HP: 141/141 MP: 13/13
 11114 | Lair:1   | Entered Level 1 of the Lair of Beasts
 11648 | Lair:1   | Reached skill level 10 in Throwing
 11832 | Lair:1   | Gained mutation: You are hated by all. [Ru sacrifice]
 11832 | Lair:1   | Acquired Ru's second power
 12291 | Lair:2   | Noticed Gastronok
 12305 | Lair:2   | Killed Gastronok
 12511 | Lair:2   | Gained mutation: You heal slowly when monsters are visible. [potion of mutation]
 12511 | Lair:2   | Gained mutation: You are dopey. (Int -2) [potion of mutation]
 12511 | Lair:2   | Gained mutation: You are frail (-10% HP). [potion of mutation]
 12512 | Lair:2   | Lost mutation: You are frail (-10% HP). [potion of cure mutation]
 12513 | Lair:2   | Lost mutation: You are dopey. (Int -2) [potion of cure mutation]
 12513 | Lair:2   | Lost mutation: You heal slowly when monsters are visible. [potion of cure mutation]
 12848 | Lair:3   | Noticed Snorg
 12872 | Lair:3   | Killed Snorg
 13050 | Lair:3   | Found a hole to the Spider Nest.
 13317 | Lair:3   | Found a glowing golden altar of the Shining One.
 13862 | Lair:4   | Reached skill level 17 in Maces & Flails
 14115 | Lair:4   | Noticed Rupert
 14125 | Lair:4   | Killed Rupert
 14125 | Lair:4   | Reached XP level 14. HP: 134/154 MP: 12/14
 14546 | Lair:4   | Found a staircase to the Swamp.
 14850 | Lair:5   | Noticed karlkraus's ghost (powerful MiFi)
 14863 | Lair:5   | Killed karlkraus's ghost
 15843 | Lair:6   | Gained mutation: You cannot be stealthy. [Ru sacrifice]
 15843 | Lair:6   | Acquired Ru's third power
 16743 | Lair:7   | Found a frozen archway.
 16775 | IceCv    | Entered an ice cave
 17228 | IceCv    | Found an ancient bone altar of Kikubaaqudgha.
 17248 | IceCv    | Reached skill level 18 in Maces & Flails
 17771 | Lair:7   | Reached XP level 15. HP: 157/165 MP: 15/15
 18020 | Lair:8   | Entered Level 8 of the Lair of Beasts
 18020 | Lair:8   | Found a viscous altar of Jiyva.
 18021 | Lair:8   | Found a staircase to the Slime Pits.
 18122 | Lair:8   | Reached skill level 10 in Shields
 18199 | Lair:8   | Reached skill level 15 in Fighting
 18957 | Lair:8   | Found a runed door.
 19014 | Lair:8   | Lost intelligence.
 19076 | Lair:8   | Paralysed by a wasp for 1 turns
 19081 | Lair:8   | Paralysed by a wasp for 3 turns
 19879 | Lair:2   | Starved to death

Vault maps used:
D:1:      minmay_arrival_solitary_statue, hex_medium
D:2:      kennysheep_generic_room_12
D:3:      gammafunk_temple_overflow_forgotten, first_bread, corexii_corridor_pit
D:5:      hangedman_abyss_or_decor_stagger, minivault_19
D:6:      lemuel_upstairs_altar, basic_altar
D:7:      uniq_prince_ribbit1
D:8:      lemuel_ice_statue, kennysheep_vampire_church, serial_shops,
          kennysheep_mini
D:9:      grunt_lair_entry_elf_guard_hut, serial_shops,
          nicolae_shop_window_shopping
D:10:     cheibrodos_breeding_chamber, hangedman_pestilent_swarm, uniq_maud,
          uniq_harold, uniq_fannar
D:12:     orc_0_dummy, basic_altar
Temple:   nicolae_temple_no_exploring_needed
Lair:2:   uniq_gastronok
Lair:3:   spider_nest_entry_webs, lemuel_oklob_altar, uniq_snorg
Lair:4:   nicolae_swamp_entry_splash_gauntlet, enter_volcano_3, pond,
          serial_bayou_shore_b, uniq_rupert
Lair:5:   serial_bayou_shore_a
Lair:6:   grunt_megastairs_2
Lair:7:   portal_ice_cave_entry_ice_beasts
Lair:8:   wormcave, slime_altar_1, lemuel_fruit_tree
IceCv:    ice_cave_small_necro

Action                   |  1- 3 |  4- 6 |  7- 9 | 10-12 | 13-15 || total
-------------------------+-------+-------+-------+-------+-------++-------
Melee: Flail             |   101 |   194 |       |       |       ||   295
       Morningstar       |       |     9 |   211 |   661 |  1458 ||  2339
Throw: Stone             |     5 |       |       |       |       ||     5
       Tomahawk          |     2 |    13 |     3 |       |     2 ||    20
Invok: Sacrifice Arcana  |       |       |     1 |       |       ||     1
       Reject Sacrifices |       |       |     1 |     1 |     2 ||     4
       Sacrifice Love    |       |       |       |       |     1 ||     1
       Draw Out Power    |       |       |       |       |     2 ||     2
       Sacrifice Stealth |       |       |       |       |     1 ||     1
  Use: Potion            |     1 |       |       |     1 |     6 ||     8
       Scroll            |       |     2 |     4 |    13 |    21 ||    40
 Stab: Sleeping          |       |     3 |     3 |     5 |     8 ||    19
       Distracted        |       |       |       |     3 |     1 ||     4
       Invisible         |       |       |       |       |     3 ||     3
  Eat: Chunk             |       |     8 |    12 |    11 |    26 ||    57
       Pizza             |       |     3 |       |       |       ||     3
       Bread ration      |       |       |       |     1 |       ||     1
       Fruit             |       |       |       |       |     3 ||     3
       Beef jerky        |       |       |       |       |     3 ||     3
       Royal jelly       |       |       |       |       |     2 ||     2
